 Dungeon Crawl Stone Soup version 0.18-a0-270-ga9d907f (console) character file.

106584 endege the Severer (level 16, -3/156 HPs)
             Began as a Tengu Berserker on Nov 26, 2015.
             Was a High Priest of Trog.
             Slain by a salamander
             ... wielding a +1 glaive
              (17 damage)
             ... on level 1 of the Snake Pit.
             The game lasted 00:33:30 (29583 turns).

endege the Severer (Tengu Berserker)               Turns: 29583, Time: 00:33:30

Health: -3/156     AC: 26    Str: 25    XL:     16   Next: 44%
Magic:  5/5        EV: 17    Int:  8    God:    Trog [*****.]
Gold:   961        SH:  0    Dex: 15    Spells: 0 memorised, 15 levels left

rFire  + . .     SeeInvis +     Y - +7 battleaxe (antimagic)
rCold  . . .     Clarity  .     r - +0 plate armour
rNeg   . . .     SustAt   .     (shield currently unavailable)
rPois  +         Gourm    .     m - +2 hat
rElec  .         Spirit   .     D - +2 cloak of the Thief {+Fog Slay-2 SInv Stlth+}
rCorr  +         Warding  .     p - +2 pair of gloves of Compression {Regen+ rCorr Dex-3 SInv}
rMut   .         Stasis   .     (boots unavailable)
MR     +....                    h - amulet of regeneration
Stlth  ..........               c - ring of protection from fire
                                o - ring of poison resistance

@: berserking (expiring), flying quickly and evasively, very quick, somewhat
resistant to hostile enchantments, extremely unstealthy
A: beak, talons 3, molten scales 1, able to fly 2
a: Stop Flying, Berserk, Trog's Hand, Brothers in Arms, Burn Spellbooks,
Renounce Religion, Evoke Fog


You were on level 1 of the Snake Pit.
You worshipped Trog.
Trog was extremely pleased with you.
You were hungry.

You visited 4 branches of the dungeon, and saw 28 of its levels.

You collected 2392 gold pieces.
You spent 1431 gold pieces at shops.


Innate Abilities, Weirdness & Mutations

You have a beak for a mouth.
You have claws for feet.
You can fly continuously.
You are partially covered in molten scales (AC +1).


   Skills:
 - Level 13.2 Fighting
 - Level 20.0 Axes
 + Level 13.2 Armour
 - Level 13.3 Dodging


You had 15 spell levels left.
You didn't know any spells.

Inventory:

Hand Weapons
 Y - a +7 antimagic battleaxe (weapon)
Armour
 m - a +2 hat (worn)
 p - the +2 pair of gloves of Compression (worn) {Regen+ rCorr Dex-3 SInv}
   (You acquired it on level 8 of the Lair of Beasts)

   It affects your dexterity (-3).
   It lets you see invisible.
   It increases your rate of regeneration.
   It protects you from acid and corrosion.
 r - a +0 plate armour (worn)
 D - the +2 cloak of the Thief (worn) {+Fog Slay-2 SInv Stlth+}
   (You bought it in a shop on level 4 of the Orcish Mines)

   It affects your accuracy and damage with ranged weapons and melee attacks
   (-2).
   It lets you see invisible.
   It can be evoked to emit clouds of fog.
   It makes you more stealthy.
Jewellery
 c - a ring of protection from fire (right hand)
 h - an amulet of regeneration (around neck)
 o - a ring of poison resistance (left hand)
 x - a +1 ring of evasion
 B - a +2 ring of protection
Wands
 i - a wand of digging (16)
 t - a wand of hasting (6)
 y - a wand of hasting (5)
Scrolls
 b - 14 scrolls of remove curse
 j - 7 scrolls of identify
 u - 2 scrolls of recharging
Potions
 a - 5 potions of curing
 f - a potion of resistance
 g - 2 potions of might
 k - 3 potions of cure mutation
 q - 7 potions of haste
Comestibles
 d - 3 chunks of flesh
 e - 3 beef jerkies
 n - 12 meat rations
 w - 9 bread rations
 C - 12 royal jellies

Dungeon Overview and Level Annotations

Branches:
Dungeon (15/15)            Temple (0/1) D:4            Lair (8/8) D:11
  Swamp (0/4) Lair:4        Snake (1/4) Lair:3        Slime (0/6) Lair:6
    Orc (4/4) D:10            Elf (0/3) Orc:3        Vaults (0/5) D:14
 Depths (0/5) D:15

Altars:
Ashenzari
Dithmenos
Elyvilon
Fedhas
Makhleb
Okawaru
Qazlal
Sif Muna
Trog
Vehumet
Yredelemnul
Zin

Shops:
D:7 (   D:10 *   Orc:2 (   Orc:4 :[(**

Portals:
Trove: D:12 (give +4 demon trident)

Annotations:
Snake:1 Louise, Nikola


Message History

Nikola mumbles some strange words.
Nikola blinks!
The naga spits poison at you. The splash of poison misses you.
The salamander hits you with an enchanted glaive!
* * * LOW HITPOINT WARNING * * *
You are engulfed in flames.
You resist.
* * * LOW HITPOINT WARNING * * *
Found 26 stones.
You slice the salamander!! You peck the salamander!
The salamander is heavily wounded.
A salamander and Louise come into view.
You barely miss the salamander.
Louise shouts!
You claw the salamander. You peck the salamander.
The salamander is severely wounded.
You slice the salamander!! Your kick misses the salamander.
The salamander is almost dead.
The salamander hits you with an enchanted glaive!
You die...

#############
###...(.......###
##...#########.?.## N.
#..### ###..# ... ####
##.# @..############
##.# ..............#
####..#
....N.........###.|..###
.>.#..........##).#### #
..#...N.......##.## #
(......@......##..### #
...>.@........###..(####
..##..........# ###..(..
##...!.)...# ######
#..O....$.N#####
#.................
#.............#.N
..##..........# ##
#)#....)..##
#..##.###..# #.#. #.#
##.#


You could see Nikola, Louise, a salamander mystic, 2 salamanders, a naga and a
friendly ogre (berserk).

Vanquished Creatures
  Maud (Orc:4)
  An orc warlord (Orc:4)
  2 ettins
  Josephine (D:10)
  Fannar (D:12)
  A naga warrior (Snake:1)
  5 vault guards (D:14)
  4 centaur warriors
  A hell beast (D:15)
  2 anacondas (Snake:1)
  A catoblepas (Lair:8)
  2 hydras
  A tengu warrior (D:15)
  5 ogre magi
  3 death yaks (Lair:8)
  An orc high priest (Orc:4)
  Sonja (Lair:3)
  4 unseen horrors
  5 orc knights
  A deep elf summoner (Orc:3)
  3 hill giants
  A deep troll (D:15)
  2 naga ritualists (Snake:1)
  A mana viper (Snake:1)
  4 griffons
  5 orc sorcerers (Orc:4)
  18 ugly things
  3 oklob plants (Lair:6)
  2 cyclopes
  A guardian serpent (Snake:1)
  10 elephants (Lair:8)
  Joseph (Lair:1)
  2 centaur skeletons
  An orange demon (D:15)
  2 centaur zombies
  A naga mage (Snake:1)
  A rust devil (D:15)
  9 black mambas
  12 spiny frogs
  3 fire drakes
  2 yaktaurs (D:15)
  A tengu conjurer (D:14)
  8 trolls
  2 queen bees
  9 komodo dragons
  5 two-headed ogres
  A polar bear (Lair:4)
  A boulder beetle (Lair:8)
  A trapdoor spider zombie (D:14)
  24 blink frogs
  Sigmund (D:4)
  4 deep elf magi
  4 wraiths
  66 yaks
  2 shadows
  A human (D:14)
  5 basilisks
  2 hungry ghosts
  12 deep elf fighters
  5 nagas
  2 mottled dragons
  14 water moccasins
  Menkaure (D:5)
  11 hippogriffs
  19 wolves
  5 wargs
  Edmund (D:5)
  A soldier ant (D:12)
  16 porcupines
  29 orc warriors
  2 ice beasts
  6 sky beasts
  A wasp (D:14)
  16 centaurs
  4 phantoms
  16 ogres
  3 black bears
  A necrophage (D:8)
  3 big kobolds
  21 crocodiles
  17 giant frogs
  A gnoll sergeant (D:10)
  4 scorpions
  3 wights (D:12)
  2 electric eels (D:13)
  3 giant frog zombies
  6 crimson imps
  54 killer bees
  13 orc priests
  A jelly (D:10)
  9 hounds
  12 iguanas
  A quasit (D:8)
  Ijyb (D:2)
  4 iron imps (D:15)
  16 orc wizards
  10 worker ants
  2 giant frog skeletons
  19 sheep
  A hound zombie (D:5)
  2 gnolls (D:7)
  A worker ant zombie (D:11)
  8 river rats (Lair:2)
  15 adders
  A shadow imp (D:15)
  2 worms
  6 giant geckos
  99 orcs
  8 bats
  4 giant cockroaches
  14 goblins
  7 hobgoblins
  9 jackals
  6 quokkas
  A giant cockroach zombie (D:6)
  A giant gecko skeleton (D:5)
  A giant gecko zombie (D:6)
  7 giant newts
  24 kobolds
  A quokka skeleton (D:4)
  2 quokka zombies
  10 rats
  6 fungi
  4 plants
871 creatures vanquished.

Vanquished Creatures (collateral kills)
  An orc high priest (Orc:4)
  A deep troll shaman (Lair:8)
  A lindwurm (Lair:8)
  An orc knight (Orc:4)
  An oklob plant (Lair:7)
  A komodo dragon (Lair:6)
  A naga (Snake:1)
  2 orc warriors (Orc:4)
  2 water moccasins
  A crocodile (Lair:7)
  3 killer bees (D:8)
15 creatures vanquished.

Vanquished Creatures (others)
  A deep elf mage (D:11)
  A giant frog (D:13)
  5 fungi
  4 plants
11 creatures vanquished.

Grand Total: 897 creatures vanquished

Notes
Turn   | Place    | Note
--------------------------------------------------------------
     0 | D:1      | endege the Tengu Berserker began the quest for the Orb.
     0 | D:1      | Reached XP level 1. HP: 14/14 MP: 2/2
     0 | D:1      | 0 ||| counter = 12
   342 | D:1      | Reached XP level 2. HP: 19/19 MP: 3/3
   356 | D:1      | Reached skill level 4 in Axes
   820 | D:1      | Reached ** piety under Trog
   869 | D:1      | Reached XP level 3. HP: 20/23 MP: 4/4
  1047 | D:1      | 1047 ||| READING scroll labeled YTOS VAASETUNE.
  1048 | D:1      | 1048 ||| READING scroll labeled GIKLAT MIU.
  1140 | D:2      | Noticed Ijyb
  1144 | D:2      | 1144 ||| INVOKING Berserk.
  1149 | D:2      | Killed Ijyb
  1149 | D:2      | Reached skill level 5 in Axes
  1149 | D:2      | Reached XP level 4. HP: 28/28 MP: 5/5
  1381 | D:2      | Found a blossoming altar of Fedhas.
  1519 | D:2      | 1519 ||| INVOKING Trog's Hand.
  2265 | D:2      | 2265 ||| UPGRADING to chain mail.
  2275 | D:2      | 2275 ||| DROPPING +0 animal skin.
  2276 | D:2      | 2276 ||| READING scroll labeled SEIWAUHOLY.
  2277 | D:2      | 2277 ||| READING 3 scrolls labeled VES KUODUPRA.
  2278 | D:2      | 2278 ||| READING scroll labeled DITZUZ KUCLUC.
  2279 | D:2      | 2279 ||| READING scroll labeled YTOMMIMYA.
  2280 | D:2      | 2280 ||| READING 2 scrolls of identify.
  2280 | D:2      | 2280 ||| IDENTIFYING purple potion
  2281 | D:2      | 2281 ||| DROPPING potion of ambrosia.
  2319 | D:3      | Reached skill level 6 in Axes
  2324 | D:3      | Gained mutation: You can fly. [Tengu growth]
  2324 | D:3      | Reached XP level 5. HP: 32/32 MP: 6/6
  2462 | D:3      | Found an iron altar of Okawaru.
  2657 | D:3      | Reached *** piety under Trog
  2840 | D:3      | Found a radiant altar of Vehumet.
  3121 | D:3      | 3121 ||| READING scroll labeled TIANUG QEPT.
  3122 | D:3      | 3122 ||| READING 2 scrolls of identify.
  3122 | D:3      | 3122 ||| IDENTIFYING fuming amethyst potion
  3123 | D:3      | 3123 ||| DROPPING wand of draining.
  3226 | D:4      | 3226 ||| STAIRDANCE
  3237 | D:4      | 3237 ||| STAIRDANCE
  3264 | D:4      | 3264 ||| STAIRDANCE
  3272 | D:4      | 3272 ||| STAIRDANCE
  3329 | D:4      | 3329 ||| STAIRDANCE
  3331 | D:3      | 3331 ||| INVOKING Berserk.
  3332 | D:3      | Reached XP level 6. HP: 37/37 MP: 7/7
  3434 | D:4      | 3434 ||| READING scroll of enchant weapon.
  3434 | D:4      | 3434 ||| ENCHANTING +1 hand axe.
  3436 | D:4      | Noticed Sigmund
  3437 | D:4      | 3437 ||| INVOKING Berserk.
  3440 | D:4      | Killed Sigmund
  3440 | D:4      | Reached skill level 7 in Axes
  3637 | D:4      | Found a staircase to the Ecumenical Temple.
  3663 | D:4      | Found a basalt altar of Yredelemnul.
  3696 | D:4      | Found a bloodstained altar of Trog.
  3712 | D:4      | Found a deep blue altar of Sif Muna.
  3712 | D:4      | Found a shadowy altar of Dithmenos.
  3715 | D:4      | Found a glowing silver altar of Zin.
  3721 | D:4      | 3721 ||| INVOKING Berserk.
  3722 | D:4      | Reached XP level 7. HP: 41/41 MP: 8/8
  3772 | D:4      | 3772 ||| UPGRADING to war axe of venom.
  3773 | D:4      | 3773 ||| DROPPING +2 hand axe.
  3853 | D:4      | 3853 ||| UPGRADING to plate armour.
  3863 | D:4      | 3863 ||| DROPPING +0 chain mail.
  3864 | D:4      | 3864 ||| UPGRADING to glowing onyx ring.
  3865 | D:4      | 3865 ||| READING scroll labeled CUTIGR FUSUGEH.
  3866 | D:4      | 3866 ||| READING scroll labeled DAUSEI AL SORO.
  3867 | D:4      | 3867 ||| DRINKING 2 puce potions.
  3890 | D:4      | 3890 ||| DROPPING potion of lignification.
  3908 | D:5      | Entered Level 5 of the Dungeon
  3965 | D:5      | Reached skill level 8 in Axes
  4044 | D:5      | Found a stormy altar of Qazlal.
  4114 | D:5      | Reached **** piety under Trog
  4139 | D:5      | Noticed Menkaure
  4145 | D:5      | Killed Menkaure
  4647 | D:5      | Noticed Edmund
  4654 | D:5      | Killed Edmund
  4654 | D:5      | Reached skill level 9 in Axes
  4725 | D:5      | 4725 ||| READING scroll labeled DEMPEIDDOA.
  4726 | D:5      | 4726 ||| DRINKING 2 amethyst potions.
  4727 | D:5      | 4727 ||| READING 2 scrolls of identify.
  4727 | D:5      | 4727 ||| IDENTIFYING cyan potion
  5221 | D:6      | 5221 ||| EATING 14 fruits.
  5453 | D:6      | 5453 ||| READING 4 scrolls of identify.
  5453 | D:6      | 5453 ||| IDENTIFYING bubbling cyan potion
  5454 | D:6      | 5454 ||| READING 3 scrolls of identify.
  5454 | D:6      | 5454 ||| IDENTIFYING sedimented amethyst potion
  5455 | D:6      | 5455 ||| READING 2 scrolls of identify.
  5455 | D:6      | 5455 ||| IDENTIFYING gluggy blue potion
  5456 | D:6      | 5456 ||| DROPPING potion of magic.
  5457 | D:6      | 5457 ||| DROPPING wand of magic darts.
  5458 | D:6      | 5458 ||| DROPPING potion of agility.
  5509 | D:7      | 5509 ||| EATING 13 fruits.
  5513 | D:7      | Noticed a hungry ghost
  5518 | D:7      | 5518 ||| EATING 5 bread rations.
  5525 | D:7      | 5525 ||| EATING 4 bread rations.
  5531 | D:7      | 5531 ||| EATING 3 bread rations.
  5539 | D:7      | 5539 ||| EATING 2 bread rations.
  5545 | D:7      | 5545 ||| EATING bread ration.
  5550 | D:7      | Killed a hungry ghost
  5550 | D:7      | Reached skill level 3 in Armour
  5550 | D:7      | Reached XP level 8. HP: 32/48 MP: 9/9
  5620 | D:7      | 5620 ||| EATING 12 fruits.
  6161 | D:7      | 6161 ||| INVOKING Berserk.
  6162 | D:7      | Reached skill level 10 in Axes
  6208 | D:7      | 6208 ||| EATING 11 fruits.
  6239 | D:7      | Found Joiwader's Antique Weapon Shoppe.
  6245 | D:7      | Bought a runed broad axe for 112 gold pieces
  6245 | D:7      | 6245 ||| UPGRADING to runed broad axe.
  6246 | D:7      | 6246 ||| DROPPING +2 war axe of venom.
  6524 | D:7      | 6524 ||| UPGRADING to glowing hat.
  6529 | D:7      | 6529 ||| UPGRADING to iron ring.
  6530 | D:7      | 6530 ||| UPGRADING to ruby ring.
  6532 | D:7      | 6532 ||| UPGRADING to steel ring.
  6534 | D:7      | 6534 ||| REMOVING ring of invisibility.
  6535 | D:7      | 6535 ||| UPGRADING to ring of positive energy.
  6536 | D:7      | 6536 ||| DROPPING ring of invisibility.
  6537 | D:7      | 6537 ||| UPGRADING to runed silver ring.
  6539 | D:7      | 6539 ||| READING 3 scrolls of remove curse.
  6540 | D:7      | 6540 ||| REMOVING -3 ring of evasion.
  6541 | D:7      | 6541 ||| UPGRADING to +2 ring of protection.
  6542 | D:7      | 6542 ||| DROPPING -3 ring of evasion.
  6543 | D:7      | 6543 ||| READING scroll labeled ANEIWEU AMUDU.
  6544 | D:7      | 6544 ||| DRINKING 2 golden potions.
  6545 | D:7      | 6545 ||| DROPPING wand of flame.
  6672 | D:8      | 6672 ||| INVOKING Berserk.
  6674 | D:8      | Reached XP level 9. HP: 32/55 MP: 10/10
  6683 | D:8      | HP: 13/55 [poisoned by a kobold]
  6684 | D:8      | 6684 ||| DRINKING 3 potions of curing.
  6684 | D:8      | 6684 ||| (to cure poison)
  6833 | D:8      | Noticed a cyclops
  6837 | D:8      | 6837 ||| INVOKING Berserk.
  6840 | D:8      | Killed a cyclops
  6840 | D:8      | Reached skill level 11 in Axes
  6840 | D:8      | Reached skill level 3 in Dodging
  6853 | D:8      | Reached skill level 12 in Axes
  6853 | D:8      | Reached skill level 6 in Dodging
  6859 | D:8      | 6859 ||| READING 2 scrolls of teleportation.
  6861 | D:8      | 6861 ||| READING scroll of teleportation.
  6864 | D:8      | Reached ***** piety under Trog
  6864 | D:8      | Reached XP level 10. HP: 19/60 MP: 11/11
  6865 | D:8      | 6865 ||| EATING 10 fruits.
  7024 | D:8      | Reached skill level 6 in Fighting
  7029 | D:8      | 7029 ||| EATING 9 fruits.
  7092 | D:8      | 7092 ||| INVOKING Berserk.
  7099 | D:8      | 7099 ||| EATING 8 fruits.
  7105 | D:8      | 7105 ||| INVOKING Brothers in Arms.
  7106 | D:8      | HP: 12/60 [killer bee (6)]
  7107 | D:8      | 7107 ||| DRINKING potion of heal wounds.
  7141 | D:8      | 7141 ||| INVOKING Brothers in Arms.
  7145 | D:8      | 7145 ||| EATING 7 fruits.
  7148 | D:8      | HP: 15/61 [poisoned by a killer bee]
  7154 | D:8      | HP: 14/61 [poisoned by a killer bee]
  7162 | D:8      | HP: 13/61 [poisoned by a killer bee]
  7166 | D:8      | 7166 ||| INVOKING Berserk.
  7171 | D:8      | HP: 13/61 [poisoned by a killer bee]
  7172 | D:8      | 7172 ||| EATING 6 fruits.
  7175 | D:8      | 7175 ||| INVOKING Brothers in Arms.
  7176 | D:8      | HP: 13/61 [killer bee (1)]
  7181 | D:8      | HP: 10/61 [poisoned by a killer bee]
  7188 | D:8      | HP: 9/61 [poisoned by a killer bee]
  7193 | D:8      | HP: 8/61 [poisoned by a killer bee]
  7275 | D:8      | 7275 ||| EATING 5 fruits.
  7423 | D:8      | 7423 ||| EATING 4 fruits.
  7464 | D:8      | Found a shattered altar of Ashenzari.
  7660 | D:8      | 7660 ||| EATING 3 fruits.
  7696 | D:8      | Reached skill level 13 in Axes
  7851 | D:8      | 7851 ||| INVOKING Berserk.
  7851 | D:8      | HP: 22/91 [yak (5)]
  7861 | D:8      | HP: 15/63 [poisoned by a killer bee]
  7867 | D:8      | HP: 15/63 [poisoned by a killer bee]
  8150 | D:8      | 8150 ||| EATING 2 fruits.
  8151 | D:8      | 8151 ||| EATING fruit.
  8212 | D:8      | 8212 ||| INVOKING Berserk.
  8224 | D:8      | 8224 ||| EATING slice of pizza.
  8335 | D:8      | 8335 ||| UPGRADING to cloak.
  8340 | D:8      | 8340 ||| READING scroll labeled PUOSHETUAPH.
  8523 | D:9      | 8523 ||| EATING 7 royal jellies.
  8668 | D:9      | 8668 ||| INVOKING Berserk.
  8675 | D:9      | Reached skill level 14 in Axes
  8687 | D:9      | 8687 ||| INVOKING Brothers in Arms.
  8691 | D:9      | Reached XP level 11. HP: 67/67 MP: 12/12
  9363 | D:9      | 9363 ||| READING scroll labeled YDUNANI AR SABB.
  9364 | D:9      | 9364 ||| READING 4 scrolls of identify.
  9364 | D:9      | 9364 ||| IDENTIFYING coppery potion
  9365 | D:9      | 9365 ||| READING 3 scrolls of identify.
  9365 | D:9      | 9365 ||| IDENTIFYING glowing cyan potion
  9366 | D:9      | 9366 ||| DROPPING potion of poison.
  9411 | D:10     | Entered Level 10 of the Dungeon
  9577 | D:10     | Noticed a hill giant
  9583 | D:10     | 9583 ||| INVOKING Berserk.
  9587 | D:10     | Killed a hill giant
  9644 | D:10     | Found a staircase to the Orcish Mines.
  9654 | D:10     | Found Xeicas's General Store.
  9659 | D:10     | 9659 ||| INVOKING Berserk.
  9729 | D:10     | Noticed Josephine
  9742 | D:10     | Killed Josephine
  9742 | D:10     | Reached skill level 15 in Axes
  9745 | D:10     | 9745 ||| INVOKING Berserk.
  9899 | D:10     | Bought a scroll of remove curse for 36 gold pieces
 10133 | D:10     | 10133 ||| UPGRADING to large ivory ring.
 10135 | D:10     | 10135 ||| UPGRADING to glass ring.
 10137 | D:10     | 10137 ||| READING 5 scrolls of remove curse.
 10138 | D:10     | 10138 ||| REMOVING ring of teleportation.
 10139 | D:10     | 10139 ||| UPGRADING to +2 ring of protection.
 10140 | D:10     | 10140 ||| DROPPING ring of teleportation.
 10141 | D:10     | 10141 ||| UPGRADING to ring of poison resistance.
 10143 | D:10     | 10143 ||| DRINKING 2 fizzy brown potions.
 10177 | D:10     | 10177 ||| EATING 6 royal jellies.
 10180 | D:10     | 10180 ||| DROPPING potion of berserk rage.
 10181 | D:10     | 10181 ||| DROPPING wand of polymorph.
 10230 | D:11     | 10230 ||| STAIRDANCE
 10242 | D:11     | 10242 ||| INVOKING Berserk.
 10393 | D:11     | 10393 ||| INVOKING Berserk.
 10396 | D:11     | Found a staircase to the Lair.
 10532 | D:11     | 10532 ||| INVOKING Berserk.
 10675 | D:11     | Received a gift from Trog
 10823 | D:11     | 10823 ||| INVOKING Berserk.
 10826 | D:11     | Reached skill level 16 in Axes
 10839 | D:11     | 10839 ||| READING scroll of teleportation.
 10859 | D:11     | 10859 ||| INVOKING Brothers in Arms.
 10863 | D:11     | 10863 ||| EATING 5 royal jellies.
 11123 | D:11     | 11123 ||| UPGRADING to runed battleaxe {god gift}.
 11124 | D:11     | 11124 ||| DROPPING +5 broad axe of electrocution.
 11185 | D:11     | Killed an unseen horror
 11185 | D:11     | Reached XP level 12. HP: 43/74 MP: 4/13
 11293 | D:11     | 11293 ||| EATING 4 royal jellies.
 11706 | D:11     | 11706 ||| UPGRADING to thin cabochon amulet.
 11707 | D:11     | 11707 ||| UPGRADING to agate ring.
 11709 | D:11     | 11709 ||| REMOVING ring of flight.
 11710 | D:11     | 11710 ||| UPGRADING to +2 ring of protection.
 11711 | D:11     | 11711 ||| DROPPING ring of flight.
 11712 | D:11     | 11712 ||| UPGRADING to ring of poison resistance.
 11714 | D:11     | 11714 ||| READING scroll labeled HIPRIF HANI.
 11723 | Lair:1   | Entered Level 1 of the Lair of Beasts
 11723 | Lair:1   | Noticed Joseph
 11724 | Lair:1   | 11724 ||| Entered L.
 11735 | Lair:1   | Killed Joseph
 12261 | Lair:1   | Reached skill level 17 in Axes
 12472 | Lair:1   | 12472 ||| INVOKING Berserk.
 12472 | Lair:1   | HP: 25/112 [spiny frog (17)]
 12477 | Lair:1   | HP: 13/112 [poisoned by a spiny frog]
 12480 | Lair:1   | 12480 ||| DRINKING 2 potions of curing.
 12480 | Lair:1   | 12480 ||| (to cure poison)
 12869 | Lair:1   | 12869 ||| EATING 3 royal jellies.
 13501 | Lair:2   | 13501 ||| INVOKING Berserk.
 13514 | Lair:2   | Received a gift from Trog
 13515 | Lair:2   | Reached skill level 9 in Fighting
 13649 | Lair:2   | 13649 ||| READING scroll of enchant armour.
 13649 | Lair:2   | 13649 ||| ENCHANTING +0 cloak.
 13714 | Lair:2   | Reached skill level 6 in Armour
 13744 | Lair:2   | Noticed a five-headed hydra
 13745 | Lair:2   | 13745 ||| INVOKING Brothers in Arms.
 13747 | Lair:2   | 13747 ||| INVOKING Berserk.
 13749 | Lair:2   | Killed a six-headed hydra
 13801 | Lair:2   | 13801 ||| EATING 2 royal jellies.
 13897 | Lair:2   | 13897 ||| INVOKING Berserk.
 13900 | Lair:2   | Reached skill level 18 in Axes
 14054 | Lair:2   | 14054 ||| INVOKING Berserk.
 14062 | Lair:2   | 14062 ||| READING 2 scrolls of teleportation.
 14197 | Lair:2   | 14197 ||| INVOKING Berserk.
 14667 | Lair:2   | 14667 ||| INVOKING Berserk.
 14711 | Lair:2   | 14711 ||| EATING royal jelly.
 14814 | Lair:2   | Received a gift from Trog
 14839 | Lair:2   | 14839 ||| UPGRADING to glowing battleaxe {god gift}.
 14840 | Lair:2   | 14840 ||| DROPPING +4 antimagic battleaxe.
 14926 | Lair:3   | Reached XP level 13. HP: 47/80 MP: 4/14
 15568 | Lair:3   | Found a staircase to the Snake Pit.
 15680 | Lair:3   | Noticed Sonja
 15681 | Lair:3   | 15681 ||| INVOKING Brothers in Arms.
 15686 | Lair:3   | 15686 ||| INVOKING Berserk.
 15700 | Lair:3   | 15700 ||| READING 2 scrolls of teleportation.
 15704 | Lair:3   | 15704 ||| EATING beef jerky.
 16005 | Lair:3   | 16005 ||| EATING 8 fruits.
 16072 | Lair:3   | 16072 ||| INVOKING Brothers in Arms.
 16074 | Lair:3   | 16074 ||| INVOKING Berserk.
 16077 | Lair:3   | Killed Sonja
 16082 | Lair:3   | 16082 ||| EATING 7 fruits.
 16117 | Lair:3   | 16117 ||| EATING 6 fruits.
 16453 | Lair:3   | 16453 ||| UPGRADING to scratched diamond ring.
 16455 | Lair:3   | 16455 ||| REMOVING ring of sustain attributes.
 16456 | Lair:3   | 16456 ||| UPGRADING to ring of positive energy.
 16457 | Lair:3   | 16457 ||| UPGRADING to +2 ring of protection.
 16459 | Lair:3   | 16459 ||| UPGRADING to ring of poison resistance.
 16461 | Lair:3   | 16461 ||| DROPPING ring of sustain attributes.
 16462 | Lair:3   | 16462 ||| READING 7 scrolls of identify.
 16462 | Lair:3   | 16462 ||| IDENTIFYING yellow potion
 16463 | Lair:3   | 16463 ||| READING 6 scrolls of identify.
 16463 | Lair:3   | 16463 ||| IDENTIFYING sapphire potion
 16464 | Lair:3   | 16464 ||| DROPPING potion of degeneration.
 16465 | Lair:3   | 16465 ||| DROPPING potion of cancellation.
 16500 | Lair:4   | 16500 ||| STAIRDANCE
 16550 | Lair:4   | Reached skill level 19 in Axes
 16588 | Lair:4   | Found a staircase to the Swamp.
 17447 | Lair:4   | 17447 ||| UPGRADING to pair of gloves.
 17452 | Lair:4   | 17452 ||| UPGRADING to pair of embroidered gloves.
 17462 | Lair:4   | 17462 ||| DROPPING +0 pair of gloves.
 17463 | Lair:4   | 17463 ||| READING 6 scrolls of identify.
 17463 | Lair:4   | 17463 ||| IDENTIFYING orange potion
 17464 | Lair:4   | 17464 ||| DROPPING wand of random effects.
 17465 | Lair:4   | 17465 ||| DROPPING potion of mutation.
 17745 | Lair:5   | Found a white marble altar of Elyvilon.
 17800 | Lair:5   | Found a frozen archway.
 18435 | Lair:6   | 18435 ||| STAIRDANCE
 18452 | Lair:6   | 18452 ||| INVOKING Brothers in Arms.
 18453 | Lair:6   | Found a staircase to the Slime Pits.
 18458 | Lair:6   | 18458 ||| INVOKING Berserk.
 18989 | Lair:6   | Reached skill level 20 in Axes
 19406 | Lair:6   | Found a shattered altar of Ashenzari.
 19407 | Lair:6   | 19407 ||| INVOKING Brothers in Arms.
 19414 | Lair:6   | 19414 ||| INVOKING Berserk.
 19766 | Lair:6   | 19766 ||| READING 7 scrolls of identify.
 19766 | Lair:6   | 19766 ||| IDENTIFYING silvery potion
 19767 | Lair:6   | 19767 ||| DRINKING potion of beneficial mutation.
 19767 | Lair:6   | Gained mutation: You are partially covered in molten scales (AC +1). [potion of beneficial mutation]
 19768 | Lair:6   | 19768 ||| DROPPING wand of paralysis.
 19811 | Lair:7   | 19811 ||| STAIRDANCE
 19826 | Lair:7   | 19826 ||| STAIRDANCE
 19953 | Lair:7   | Received a gift from Trog
 19961 | Lair:7   | Gained mutation: You can fly continuously. [Tengu growth]
 19961 | Lair:7   | Reached XP level 14. HP: 86/88 MP: 5/15
 19986 | Lair:7   | 19986 ||| INVOKING Fly.
 19986 | Lair:7   | 19986 ||| FLYING.
 19987 | Lair:7   | 19987 ||| UPGRADING to glowing executioner's axe {god gift}.
 19988 | Lair:7   | 19988 ||| UPGRADING to +5 antimagic battleaxe.
 19989 | Lair:7   | 19989 ||| DROPPING +3 antimagic executioner's axe.
 20027 | Lair:7   | 20027 ||| INVOKING Brothers in Arms.
 20729 | Lair:7   | 20729 ||| UPGRADING to runed peridot amulet.
 20731 | Lair:7   | 20731 ||| DROPPING amulet of warding.
 20732 | Lair:7   | 20732 ||| READING 8 scrolls of identify.
 20732 | Lair:7   | 20732 ||| IDENTIFYING pink potion
 20733 | Lair:7   | 20733 ||| DROPPING potion of brilliance.
 20752 | Lair:8   | Entered Level 8 of the Lair of Beasts
 20947 | Lair:8   | 20947 ||| INVOKING Brothers in Arms.
 20949 | Lair:8   | 20949 ||| INVOKING Berserk.
 21072 | Lair:8   | Reached skill level 9 in Dodging
 21075 | Lair:8   | 21075 ||| INVOKING Berserk.
 21230 | Lair:8   | Reached skill level 9 in Armour
 21406 | Lair:8   | 21406 ||| INVOKING Brothers in Arms.
 21408 | Lair:8   | 21408 ||| INVOKING Berserk.
 21677 | Lair:8   | 21677 ||| INVOKING Berserk.
 22198 | Lair:8   | 22198 ||| UPGRADING to peridot ring.
 22200 | Lair:8   | 22200 ||| REMOVING +6 ring of intelligence.
 22201 | Lair:8   | 22201 ||| UPGRADING to +2 ring of protection.
 22202 | Lair:8   | 22202 ||| DROPPING +6 ring of intelligence.
 22203 | Lair:8   | 22203 ||| UPGRADING to ring of evasion.
 22205 | Lair:8   | 22205 ||| UPGRADING to ring of poison resistance.
 22207 | Lair:8   | 22207 ||| DROPPING ring of positive energy.
 22208 | Lair:8   | 22208 ||| READING scroll labeled MEUBISESIO.
 22208 | Lair:8   | Identified a scroll of acquirement
 22209 | Lair:8   | Got a pair of polished gloves
 22210 | Lair:8   | 22210 ||| UPGRADING to pair of polished gloves.
 22220 | Lair:8   | Identified the +2 pair of gloves of Compression {Regen+ rCorr Dex-3 SInv} (You acquired it on level 8 of the Lair of Beasts)
 22220 | Lair:8   | 22220 ||| DROPPING +2 pair of gloves.
 22221 | Lair:8   | 22221 ||| READING scroll labeled QETAIMETOS.
 22222 | Lair:8   | 22222 ||| READING 7 scrolls of identify.
 22222 | Lair:8   | 22222 ||| IDENTIFYING fuming yellow potion
 22223 | Lair:8   | 22223 ||| DROPPING potion of flight.
 22561 | Orc:1    | Entered Level 1 of the Orcish Mines
 22562 | Orc:1    | 22562 ||| Entered O.
 22562 | Orc:1    | 22562 ||| STAIRDANCE
 22568 | Orc:1    | 22568 ||| STAIRDANCE
 22575 | D:10     | Received a gift from Trog
 22578 | Orc:1    | 22578 ||| STAIRDANCE
 22586 | Orc:1    | 22586 ||| STAIRDANCE
 22593 | Orc:1    | 22593 ||| STAIRDANCE
 22601 | Orc:1    | 22601 ||| STAIRDANCE
 22616 | Orc:1    | 22616 ||| INVOKING Berserk.
 22628 | Orc:1    | 22628 ||| EATING 5 fruits.
 22924 | Orc:2    | Found Feluos's Weapon Emporium.
 23062 | Orc:3    | 23062 ||| STAIRDANCE
 23199 | Orc:3    | Found a staircase to the Elven Halls.
 23448 | Orc:3    | Reached ****** piety under Trog
 23462 | Orc:3    | Received a gift from Trog
 23463 | Orc:3    | 23463 ||| DRINKING 7 potions of curing.
 23463 | Orc:3    | 23463 ||| (to cure confusion)
 23464 | Orc:3    | 23464 ||| DRINKING 6 potions of curing.
 23464 | Orc:3    | 23464 ||| (to cure confusion)
 23469 | Orc:3    | 23469 ||| UPGRADING to glowing battleaxe {god gift}.
 23480 | Orc:3    | 23480 ||| DROPPING +5 battleaxe of chopping.
 23594 | Orc:3    | 23594 ||| INVOKING Berserk.
 23821 | Orc:4    | Entered Level 4 of the Orcish Mines
 23821 | Orc:4    | Found Sutzeac's Antique Armour Shop.
 23822 | Orc:4    | 23822 ||| INVOKING Trog's Hand.
 23825 | Orc:4    | 23825 ||| INVOKING Berserk.
 23837 | Orc:4    | Reached XP level 15. HP: 93/93 MP: 5/16
 23845 | Orc:4    | 23845 ||| EATING 4 fruits.
 23909 | Orc:4    | Bought a shiny chain mail for 139 gold pieces
 23972 | Orc:4    | 23972 ||| INVOKING Brothers in Arms.
 23973 | Orc:4    | Found Butret's Antique Weapon Shop.
 23976 | Orc:4    | 23976 ||| INVOKING Berserk.
 23981 | Orc:4    | Found Ichoreha's Assorted Antiques.
 24068 | Orc:4    | Bought a runed battleaxe for 149 gold pieces
 24068 | Orc:4    | 24068 ||| UPGRADING to runed battleaxe.
 24069 | Orc:4    | 24069 ||| UPGRADING to +6 antimagic battleaxe.
 24070 | Orc:4    | 24070 ||| DROPPING +2 battleaxe of electrocution.
 24087 | Orc:4    | Found Gujai's Book Shoppe.
 24088 | Orc:4    | 24088 ||| INVOKING Trog's Hand.
 24093 | Orc:4    | 24093 ||| INVOKING Berserk.
 24192 | Orc:4    | Bought a scroll of identify for 56 gold pieces
 24192 | Orc:4    | Bought a runed cloak for 126 gold pieces
 24230 | Orc:4    | Noticed Maud
 24254 | Orc:4    | Killed Maud
 24285 | Orc:4    | 24285 ||| INVOKING Trog's Hand.
 24286 | Orc:4    | Found Xofac's General Store.
 24288 | Orc:4    | 24288 ||| INVOKING Berserk.
 24359 | Orc:4    | Bought a scroll of remove curse for 42 gold pieces
 24359 | Orc:4    | Bought the +2 cloak of the Thief {+Fog Slay-2 SInv Stlth+} for 771 gold pieces
 24930 | Orc:4    | 24930 ||| UPGRADING to runed chain mail.
 24940 | Orc:4    | 24940 ||| UPGRADING to +0 plate armour.
 24950 | Orc:4    | 24950 ||| DROPPING +2 chain mail of magic resistance.
 24951 | Orc:4    | 24951 ||| UPGRADING to runed cloak.
 24961 | Orc:4    | 24961 ||| DROPPING +1 cloak.
 24962 | Orc:4    | 24962 ||| UPGRADING to shiny chain mail.
 24972 | Orc:4    | 24972 ||| UPGRADING to +0 plate armour.
 24982 | Orc:4    | 24982 ||| DROPPING +1 chain mail of cold resistance.
 24983 | Orc:4    | 24983 ||| UPGRADING to +2 cloak of the Thief {+Fog Slay-2 SInv Stlth+}.
 24993 | Orc:4    | 24993 ||| DROPPING +1 cloak of invisibility.
 25144 | D:12     | Found a labyrinth entrance.
 25251 | D:12     | Noticed Fannar
 25278 | D:12     | Killed Fannar
 25418 | D:12     | 25418 ||| READING scroll of enchant weapon.
 25418 | D:12     | 25418 ||| ENCHANTING +6 antimagic battleaxe.
 25571 | D:12     | Received a gift from Trog
 25596 | D:12     | 25596 ||| UPGRADING to runed battleaxe {god gift}.
 25597 | D:12     | 25597 ||| UPGRADING to +7 antimagic battleaxe.
 25598 | D:12     | 25598 ||| DROPPING +6 battleaxe of flaming.
 25620 | D:12     | Found a portal to a secret trove of treasure.
 25899 | D:12     | 25899 ||| READING scroll labeled JOMMEY ATUAN.
 25921 | D:12     | 25921 ||| DROPPING wand of cold.
 26590 | D:13     | 26590 ||| UPGRADING to dented blue amulet.
 26592 | D:13     | 26592 ||| REMOVING amulet of the gourmand.
 26593 | D:13     | 26593 ||| UPGRADING to amulet of regeneration.
 26594 | D:13     | 26594 ||| DROPPING amulet of the gourmand.
 26595 | D:13     | 26595 ||| Stepping ~*~*~tactically~*~*~ (cloud).
 26596 | D:13     | 26596 ||| READING 7 scrolls of identify.
 26596 | D:13     | 26596 ||| IDENTIFYING wand of hasting
 26597 | D:13     | 26597 ||| DROPPING wand of lightning.
 26598 | D:13     | 26598 ||| READING 3 scrolls of teleportation.
 26711 | D:14     | 26711 ||| DRINKING 5 potions of curing.
 26711 | D:14     | 26711 ||| (to cure confusion)
 26849 | D:14     | 26849 ||| INVOKING Berserk.
 26859 | D:14     | Reached skill level 12 in Dodging
 26861 | D:14     | Reached skill level 12 in Armour
 27079 | D:14     | Reached skill level 12 in Fighting
 27099 | D:14     | 27099 ||| INVOKING Trog's Hand.
 27100 | D:14     | 27100 ||| INVOKING Berserk.
 27482 | D:14     | Found a gate to the Vaults.
 27620 | D:14     | 27620 ||| READING 6 scrolls of identify.
 27620 | D:14     | 27620 ||| IDENTIFYING wand of hasting
 27656 | D:15     | Entered Level 15 of the Dungeon
 27777 | D:15     | 27777 ||| INVOKING Berserk.
 27795 | D:15     | Reached XP level 16. HP: 95/103 MP: 5/17
 27798 | D:15     | 27798 ||| INVOKING Trog's Hand.
 27799 | D:15     | 27799 ||| READING 2 scrolls of teleportation.
 27801 | D:15     | Received a gift from Trog
 27810 | D:15     | 27810 ||| EATING 3 fruits.
 27850 | D:15     | 27850 ||| INVOKING Trog's Hand.
 27853 | D:15     | 27853 ||| INVOKING Berserk.
 27875 | D:15     | 27875 ||| READING scroll of teleportation.
 27893 | D:15     | 27893 ||| INVOKING Trog's Hand.
 27900 | D:15     | 27900 ||| INVOKING Brothers in Arms.
 27901 | D:15     | 27901 ||| INVOKING Brothers in Arms.
 27902 | D:15     | 27902 ||| INVOKING Berserk.
 27935 | D:15     | 27935 ||| INVOKING Trog's Hand.
 27961 | D:15     | 27961 ||| INVOKING Brothers in Arms.
 27962 | D:15     | 27962 ||| EATING 12 meat rations.
 28109 | D:15     | Found a burning altar of Makhleb.
 28236 | D:15     | 28236 ||| INVOKING Berserk.
 28288 | D:15     | 28288 ||| EATING 2 fruits.
 28351 | D:15     | Found a staircase to the Depths.
 28451 | D:15     | 28451 ||| INVOKING Trog's Hand.
 28456 | D:15     | 28456 ||| INVOKING Berserk.
 29099 | Lair:5   | 29099 ||| EATING fruit.
 29135 | Snake:1  | Entered Level 1 of the Snake Pit
 29136 | Snake:1  | 29136 ||| Entered P.
 29146 | Snake:1  | 29146 ||| INVOKING Berserk.
 29159 | Snake:1  | 29159 ||| READING scroll of teleportation.
 29159 | Snake:1  | HP: 24/104 [poisoned by a naga ritualist (splash of poison)]
 29161 | Snake:1  | HP: 11/104 [anaconda (5)]
 29166 | Snake:1  | HP: 7/104 [poisoned by a naga ritualist (splash of poison)]
 29171 | Snake:1  | HP: 8/104 [poisoned by a naga ritualist (splash of poison)]
 29176 | Snake:1  | HP: 12/104 [poisoned by a naga ritualist (splash of poison)]
 29181 | Snake:1  | HP: 17/104 [poisoned by a naga ritualist (splash of poison)]
 29189 | Snake:1  | HP: 24/104 [poisoned by a naga ritualist (splash of poison)]
 29195 | Snake:1  | 29195 ||| EATING 4 beef jerkies.
 29566 | Snake:1  | Noticed Nikola
 29566 | Snake:1  | HP: 21/104 [Nikola/chain lightning (21)]
 29567 | Snake:1  | 29567 ||| INVOKING Brothers in Arms.
 29568 | Snake:1  | 29568 ||| INVOKING Berserk.
 29572 | Snake:1  | HP: 26/156 [poisoned by a naga (splash of poison)]
 29579 | Snake:1  | HP: 30/156 [poisoned by a naga (splash of poison)]
 29580 | Snake:1  | HP: 13/156 [salamander/enchanted glaive (6)]
 29582 | Snake:1  | Noticed Louise
 29583 | Snake:1  | Slain by a salamander

Vault maps used:
D:1:      evilmike_arrival_hilbert_curve
D:2:      serial_forest, infiniplex_forest_clump_curved,
          infiniplex_forest_zigzag_2, infiniplex_forest_lined_2,
          infiniplex_forest_lined_ring, infiniplex_forest_straight_3,
          infiniplex_forest_lined_2, infiniplex_forest_lined_1,
          infiniplex_forest_clump_C, fedhas_altar_1, uniq_iyjb
D:3:      nicolae_overflow_hidden_temple, okawaru_gym_becter
D:4:      grunt_temple_overflow_open, minmay_temple_entry_butterflies,
          yredelemnul_altar_generic, uniq_sigmund
D:5:      first_bread, nicolae_qazlal_eye_of_the_storm, uniq_edmund,
          uniq_menkaure
D:7:      serial_shops, nicolae_shop_waterfront
D:8:      basic_altar, david_nohive_1
D:10:     orc_0_dummy, serial_shops, shop, nrook_mini_vaults, uniq_josephine
D:11:     erik_lair_orcish_takeover
D:12:     lab_entry_generic, enter_trove_0, uniq_fannar
D:13:     kennysheep_minor_cross, lemuel_nasty_fountain
D:14:     grunt_vaults_entry_fortified, minmay_crystal_water
D:15:     hangedman_depths_entry_civil_slaughter, serial_glass, glass_columns_a,
          glass_columns_a, minmay_strange_pillars, minmay_strange_pillars,
          feat_on_display, lemuel_hellish_altar
Lair:1:   st_stairs_10, uniq_joseph
Lair:2:   nicolae_lair_grove_arrangements, beast_lair_carwin_9
Lair:3:   guppyfry_snake_entry_garden, uniq_sonja
Lair:4:   swamp_mist
Lair:5:   portal_ice_cave_entry_pillars_01, basic_altar,
          grunt_forest_stairs_basic, grunt_megastairs_3
Lair:6:   minmay_slime_entry_oklob_open, minivault_27, lemuel_oklob_altar,
          serial_bayou_shore_b
Lair:8:   grunt_lair_end_beastmaster, special_room
Snake:1:  nrook_guardian_serpent_snake_passage, uniq_louise, uniq_nikola,
          uniq_asterion
Orc:1:    basic_altar, nooodl_orcs_dogs, uniq_erolcha
Orc:2:    nicolae_orc_accident_3, serial_shops, shop, shop, shop,
          nicolae_shop_stone, shop_fountains, nicolae_orc_lost_temple
Orc:3:    nicolae_orc_pool_cavern, elves_outpost_lemuel
Orc:4:    grunt_orc_gardens, grunt_orc_garden, grunt_orc_garden,
          grunt_orc_garden, grunt_orc_garden, serial_shops, shop, uniq_maud

Action                   |  1- 3 |  4- 6 |  7- 9 | 10-12 | 13-15 | 16-18 || total
-------------------------+-------+-------+-------+-------+-------+-------++-------
Melee: Hand axe          |    68 |   204 |       |       |       |       ||   272
       War axe           |       |       |    87 |       |       |       ||    87
       Broad axe         |       |       |    46 |   241 |       |       ||   287
       Battleaxe         |       |       |       |   237 |  1282 |   237 ||  1756
Throw: Tomahawk          |       |       |    33 |    91 |    89 |       ||   213
       Javelin           |       |       |       |    39 |    56 |       ||    95
Invok: Berserk           |     1 |     3 |     3 |    19 |    17 |     6 ||    49
       Trog's Hand       |       |     1 |       |       |     4 |     5 ||    10
       Brothers in Arms  |       |       |       |     6 |     8 |     4 ||    18
 Abil: Fly               |       |       |       |       |     1 |       ||     1
  Use: Scroll            |     2 |     8 |    11 |     9 |    14 |     3 ||    47
       Potion            |       |       |     4 |     3 |     4 |       ||    11
 Stab: Sleeping          |       |     1 |       |       |       |       ||     1
       Distracted        |       |       |       |     1 |       |       ||     1
       Petrified         |       |       |       |       |     2 |       ||     2
  Eat: Chunk             |     1 |    11 |    10 |    26 |    52 |     9 ||   109
       Bread ration      |       |       |     5 |       |       |       ||     5
       Fruit             |       |       |     4 |    10 |     5 |     3 ||    22
       Royal jelly       |       |       |       |     7 |       |       ||     7
       Pizza             |       |       |       |     1 |       |       ||     1
       Beef jerky        |       |       |       |       |     1 |     1 ||     2
